 Dungeon Crawl Stone Soup version 0.18-a0-739-gdae9da8 (webtiles) character file.

235 HAL9000 the Cudgeler (level 6, 0/66 HPs)
             Began as an Ogre Hunter on Dec 8, 2015.
             Succumbed to poison (a potion of poison)
             ... on level 3 of the Dungeon on Dec 10, 2015.
             The game lasted 00:09:38 (2838 turns).

HAL9000 the Cudgeler (Ogre Hunter)                  Turns: 2838, Time: 00:09:38

Health: 0/66       AC:  3    Str: 18    XL:     6   Next: 6%
Magic:  6/6        EV: 10    Int: 10    God:
Gold:   114        SH:  0    Dex: 12    Spells: 0 memorised, 5 levels left

rFire  . . .     SeeInvis .     f - +2 whip (elec)
rCold  . . .     Clarity  .     b - +0 robe
rNeg   . . .     SustAt   .     (no shield)
rPois  .         Gourm    .     (helmet restricted)
rElec  .         Spirit   .     (no cloak)
rCorr  .         Dismiss  .     (gloves unavailable)
rMut   .         Stasis   .     (boots unavailable)
MR     .....                    (no amulet)
Stlth  +.........               (no ring)
                                (no ring)

@: lethally poisoned (0 -> -8), not resistant to hostile enchantments, very
unstealthy
A: unfitting armour, tough skin 1
a: no special abilities


You were on level 3 of the Dungeon.
You were not hungry.

You visited 1 branch of the dungeon, and saw 3 of its levels.

You collected 114 gold pieces.

Inventory:

Hand Weapons
 f - a +2 whip of electrocution (weapon)
Missiles
 c - 5 large rocks (quivered)
 d - 2 throwing nets
 s - 3 tomahawks
Armour
 b - a +0 robe (worn)
 j - a +2 shield
Scrolls
 h - a scroll of teleportation {unknown}
 i - 2 scrolls of fear {unknown}
 k - 2 scrolls of remove curse {unknown}
 l - 3 scrolls of fog {unknown}
 p - 4 scrolls of identify {unknown}
 r - 3 scrolls of random uselessness {unknown}
Potions
 m - a potion of might {unknown}
 n - a potion of beneficial mutation {unknown}
 o - a potion of heal wounds {unknown}
 t - 2 potions of lignification {unknown}
 u - a potion of brilliance {unknown}
 x - a potion of curing {unknown}
Comestibles
 e - 2 bread rations
 g - a meat ration
 v - 2 chunks of flesh
 w - a slice of pizza


   Skills:
 - Level 5.2 Fighting
 * Level 5.9 Maces & Flails
 - Level 4.0 Throwing
 - Level 1.8 Dodging
 - Level 0.7 Stealth


You had 5 spell levels left.
You didn't know any spells.

Dungeon Overview and Level Annotations

Branches:
Dungeon (3/15)

Altars:
Elyvilon
Kikubaaqudgha
Trog

Annotations:
D:3 1 runed door


Innate Abilities, Weirdness & Mutations

You are too large for most types of armour.
You have tough skin (AC +1).


Message History

The gnoll is almost dead.
The gnoll closely misses you.
You closely miss the gnoll.
The gnoll is almost dead.
You closely miss the gnoll.
The gnoll is almost dead.
The gnoll hits you with a club.
* * * LOW HITPOINT WARNING * * *
You hit the gnoll.
You kill the gnoll!
You hit the hobgoblin.
There is a sudden explosion of sparks!
You kill the hobgoblin!
The goblin shoots a stone.
The stone hits you.
* * * LOW HITPOINT WARNING * * *
The goblin shoots a stone.
The stone closely misses you.
Drink which item? (? for menu, Esc to quit)
It was a potion of poison.
That liquid tasted very nasty...
You are lethally poisoned!
You die...

≈≈≈≈≈≈≈≈≈≈≈≈≈≈≈.g..≈≈≈≈≈≈≈≈≈≈≈≈≈≈
≈≈≈≈.≈.≈(≈))≈≈≈.)..≈≈....≈≈.≈....
......).((...(............÷......
........(.(..(...................
........(#########...............
#..####)## ###)###########.##
##)# #(## #gg)# #..## #.# #))#
#)### ####...# #.#####)#######@#
#....... #...###.(().()..##
##....#.#
###....#######..>#######..####.#
# ####......[.....).......##...#
# #............######.###...# #
####......(.....###..........#
####.............#...#.#...###.>.
.##..#...........##....#.####..##
.................#..##...........


You could see 2 goblins.

Vanquished Creatures
  2 orc priests (D:3)
  Robin (D:2)
  A gnoll (D:3)
  An adder (D:3)
  2 oozes
  A worm (D:2)
  3 orcs (D:3)
  A ball python (D:1)
  5 bats
  6 giant cockroaches
  39 goblins
  24 hobgoblins
  4 jackals (D:2)
  8 kobolds
  5 giant newts
  16 rats
119 creatures vanquished.

Vanquished Creatures (others)
  A bat (D:3)
1 creature vanquished.

Grand Total: 120 creatures vanquished

Notes
Turn   | Place    | Note
--------------------------------------------------------------
     0 | D:1      | HAL9000 the Ogre Hunter began the quest for the Orb.
     0 | D:1      | Reached XP level 1. HP: 22/22 MP: 1/1
   148 | D:1      | Reached skill level 1 in Maces & Flails
   255 | D:1      | Reached XP level 2. HP: 31/31 MP: 2/2
   515 | D:2      | Noticed Robin
   935 | D:2      | Reached XP level 3. HP: 32/39 MP: 3/3
  1000 | D:2      | Killed Robin
  1232 | D:2      | Found a bloodstained altar of Trog.
  1242 | D:2      | Reached XP level 4. HP: 45/49 MP: 4/4
  1740 | D:3      | Upgraded the game from 0.18-a0-721-g8fc53f4 to 0.18-a0-739-gdae9da8
  1751 | D:3      | Found an ancient bone altar of Kikubaaqudgha.
  1834 | D:3      | Reached XP level 5. HP: 16/55 MP: 5/5
  2207 | D:3      | Reached skill level 5 in Fighting
  2357 | D:3      | Reached skill level 5 in Maces & Flails
  2576 | D:3      | Found a runed door.
  2576 | D:3      | Found a white marble altar of Elyvilon.
  2576 | D:3      | Noticed an angel
  2826 | D:3      | Reached XP level 6. HP: 19/66 MP: 6/6
  2837 | D:3      | HP: 1/66 [goblin/stone (4)]
  2838 | D:3      | Succumbed to poison (a potion of poison)

Vault maps used:
D:1:      dpeg_arrival_houses_and_road
D:2:      old_standard_altar, first_bread, kennysheep_generic_room_8, uniq_robin
D:3:      minmay_goblin_kobold_castle, kiku_gazebo_garden_becter,
          lemuel_angel_altar

Action                   |  1- 3 |  4- 6 || total
-------------------------+-------+-------++-------
Melee: Whip              |    95 |   186 ||   281
       Short sword       |     2 |       ||     2
Throw: Large rock        |     1 |     8 ||     9
  Use: Potion            |       |     1 ||     1
  Eat: Chunk             |     1 |     5 ||     6
